 Dungeon Crawl Stone Soup version 0.23-a0-182-g58cdd98 (webtiles) character file.

538 iamserjio the Insei (level 7, 55/55 HPs)
             Began as a Grey Draconian Wanderer on Sept 20, 2018.
             Quit the game on level 4 of the Dungeon.
             The game lasted 00:07:02 (2498 turns).

iamserjio the Insei (Grey Draconian Wanderer)       Turns: 2498, Time: 00:07:03

Health: 55/55      AC: 12    Str: 13    XL:     7   Next: 5%
Magic:  8/8        EV: 11    Int: 12    God:
Gold:   158        SH:  0    Dex: 14    Spells: 8/8 levels left

rFire    . . .     SeeInvis .     - Unarmed
rCold    . . .     Gourm    .   (no shield)
rNeg     . . .     Faith    .   (armour unavailable)
rPois    .         Spirit   .   (helmet restricted)
rElec    .         Reflect  .   (no cloak)
rCorr    .         Harm     .   a - +0 pair of gloves
MR       .....                  (no boots)
Stlth    +.........             (no amulet)
HPRegen  0.18/turn              (no ring)
MPRegen  0.11/turn              (no ring)

@: no status effects
A: walk through water, unfitting armour, unbreathing, cold-blooded, AC +11
a: no special abilities


You were on level 4 of the Dungeon.
You were not hungry.

You visited 1 branch of the dungeon, and saw 4 of its levels.

You collected 158 gold pieces.

Inventory:

Hand Weapons
 c - a +0 shortbow
 p - a +0 falchion of holy wrath
 q - a +1 short sword of electrocution
Missiles
 d - 33 arrows
Armour
 a - a +0 pair of gloves (worn)
Jewellery
 g - an uncursed amulet of magic regeneration
 h - a cursed ring of attention {unknown}
 i - an uncursed ring of fire {unknown}
 r - an uncursed amulet of guardian spirit {unknown}
Wands
 b - a wand of random effects (39)
Scrolls
 e - 3 scrolls of remove curse {@r2}
 k - a scroll of magic mapping {unknown}
 l - a scroll of enchant weapon {unknown}
 n - a scroll of teleportation {unknown}
Potions
 j - 2 potions of curing {@q1}
 o - a potion of ambrosia
Comestibles
 f - 6 rations


   Skills:
 - Level 2.1 Fighting
 - Level 1.0 Bows
 - Level 1.0 Throwing
 * Level 7.4 Unarmed Combat
 - Level 1.0 Spellcasting
   Level 2.6 Hexes
   Level 1.0 Transmutations
 - Level 1.0 Evocations


You had 8 spell levels left.
You didn't know any spells.
Your spell library contained the following spells:

 Spells                   Type           Power        Failure   Level  Hunger
 Slow                     Hex            #.......     16%         2    ###....
 Magic Dart               Conj           #...         30%         1    ##.....
 Blink                    Tloc           N/A          41%         2    ###....
 Call Imp                 Summ           #.......     41%         2    ###....
 Searing Ray              Conj           #.....       41%         2    ###....
 Throw Frost              Conj/Ice       #.....       41%         2    ###....
 Conjure Flame            Conj/Fire      #.......     65%         3    ####...
 Mephitic Cloud           Conj/Pois/Air  #.......     65%         3    ####...


Dungeon Overview and Level Annotations

Branches:
Dungeon (4/15)
 Temple: D:4-7

Altars:
Ashenzari
Okawaru
Ru

Annotations:
D:3 exclusion: orc wizard, Grinder, Ijyb


Innate Abilities, Weirdness & Mutations

You can walk through water.
Your dull iron-grey scales are very hard. (AC +11)
You cannot fit into any form of body armour.
You can survive without breathing.
You are cold-blooded and may be slowed by cold attacks.


Message History

You hit Blork the orc. Blork the orc hits you with a trident.
Blork the orc hits you but does no damage.
You punch Blork the orc! You tail-slap Blork the orc.
Blork the orc completely misses you.
You hit Blork the orc.
Blork the orc begins to cast a cantrip, but forgets the words!
You feel much better.
Blork the orc screams, "I'll cover the dungeon with your blood!"
Blork the orc closely misses you.
You punch Blork the orc! Blork the orc barely misses you.
You hit Blork the orc.
You kill Blork the orc!
You have reached level 7!
Your scales start taking on a dull iron-grey colour.
You learn Air Magic much slower.
You learn Earth Magic much quicker.
You can walk through water.
You feel breathless.
Things that are here:
a trident; a robe Sorry, you're not good enough to have a special ability.

##.#≈≈≈≈≈#≈ ##.###
###..##≈≈≈≈≈≈ .....
..#.....≈≈≈≈# #?..#
#.#.....≈≈#≈≈ #...#
#.#.....#≈≈≈#
#...###.#..#..##.≈≈
#....##.#.......##≈
#....#............
#..@.........>..##
#...........#......
#..................
#........##.#....#.
#................#
#)#...#.....#.#..#
#.#...#..##.#.#.#
..)....... .. .


There were no monsters in sight!

Vanquished Creatures
  Eustachio (D:4)
  A phantom (D:4)
  Blork the orc (D:4)
  A scorpion (D:4)
  Natasha (twice) (D:3)
  Robin (D:3)
  5 adders (D:2)
  2 oozes
  A worm (D:2)
  4 dart slugs
  3 leopard geckos
  3 ball pythons
  8 bats
  4 giant cockroaches
  13 hobgoblins
  2 jackals (D:2)
  8 kobolds
  A quokka (D:3)
  A frilled lizard (D:4)
  13 goblins
  3 rats (D:2)
78 creatures vanquished.

Notes
Turn   | Place    | Note
-------+----------+-------------------------------------------
     0 | D:1      | iamserjio the Draconian Wanderer began the quest for the
                  | Orb.
     0 | D:1      | iamserjio set off with: a +0 shortbow, 31 arrows, a ration
     0 | D:1      | Reached XP level 1. HP: 17/17 MP: 2/2
    69 | D:1      | Reached skill level 1 in Unarmed Combat
    80 | D:1      | Reached XP level 2. HP: 22/24 MP: 3/3
   162 | D:1      | Reached skill level 2 in Unarmed Combat
   281 | D:1      | Reached XP level 3. HP: 29/29 MP: 4/4
   302 | D:1      | Found a shattered altar of Ashenzari.
   508 | D:2      | Reached skill level 3 in Unarmed Combat
   824 | D:2      | Reached XP level 4. HP: 36/36 MP: 5/5
   885 | D:2      | Found a sacrificial altar of Ru.
   959 | D:2      | Reached skill level 4 in Unarmed Combat
  1080 | D:2      | Found an iron altar of Okawaru.
  1417 | D:2      | Found a shattered altar of Ashenzari.
  1517 | D:3      | Noticed Robin
  1578 | D:3      | Killed Robin
  1594 | D:3      | Reached XP level 5. HP: 28/41 MP: 6/6
  1763 | D:3      | Noticed Natasha
  1769 | D:3      | Killed Natasha
  1769 | D:3      | Reached skill level 5 in Unarmed Combat
  1845 | D:3      | Noticed Natasha
  1852 | D:3      | Killed Natasha
  2161 | D:3      | Noticed Grinder
  2168 | D:3      | Paralysed by Grinder for 3 turns
  2172 | D:3      | Noticed Ijyb
  2213 | D:4      | Noticed a phantom
  2217 | D:4      | Noticed Eustachio
  2257 | D:4      | Killed Eustachio
  2257 | D:4      | Reached skill level 6 in Unarmed Combat
  2257 | D:4      | Reached XP level 6. HP: 40/48 MP: 7/7
  2480 | D:4      | Reached skill level 7 in Unarmed Combat
  2481 | D:4      | Noticed Blork the orc
  2496 | D:4      | Killed Blork the orc
  2496 | D:4      | Your scales start taking on a dull iron-grey colour.
  2496 | D:4      | Reached XP level 7. HP: 55/55 MP: 8/8
  2496 | D:4      | Gained mutation: You can survive without breathing. [Grey
                  | Draconian growth]
  2498 | D:4      | Quit the game

Vault maps used:
D:1:      elethiomel_arrival_shortcut, kennysheep_flooded_box,
          kennysheep_another_room
D:2:      nicolae_ru_path_of_blood, marbit_many_paths, old_standard_altar,
          first_ration
D:3:      uniq_ijyb, uniq_grinder, uniq_robin, uniq_natasha
D:4:      kennysheep_slugbush, old_standard_altar, makhleb_altar_promises_db,
          ebering_ghost_disaster_area, uniq_blork_the_orc, uniq_eustachio

Skill      XL: |  1  2  3  4  5  6 |
---------------+-------------------+-----
Unarmed Combat | 1 2 3 4 6 7 |  7.4
Fighting       | |  2.1
Bows           | |  1.0
Throwing       | |  1.0
Spellcasting   | |  1.0
Hexes          | |  2.6
Transmutations | |  1.0
Evocations     | |  1.0

Action                   |  1- 3 |  4- 6 |  7- 9 || total
-------------------------+-------+-------+-------++-------
Melee: Unarmed           |       |    56 |       ||    56
       Tailslap          |       |    15 |       ||    15
       Short sword       |       |    25 |       ||    25
 Fire: Shortbow          |   113 |    72 |       ||   185
  Use: Scroll            |       |     7 |       ||     7
       Potion            |       |     3 |       ||     3
  Eat: Chunk             |       |     5 |       ||     5
Armor: Skin              |    12 |    40 |       ||    52
Dodge: Dodged            |    20 |    60 |       ||    80

Table legend:
 A = Non-vault XP
 B = Vault XP
 C = Vault XP percentage of total XP
 D = Non-vault monster count
 E = Vault monster count
 F = Vault count percentage of total count
                 A         B        C        D         E       F
            +---------+---------+-------+---------+---------+-------
      Total |     403 |     366 |  47.6 |      62 |      16 |  20.5
            +---------+---------+-------+---------+---------+-------
        D:1 |      52 |       0 |   0.0 |      26 |       0 |   0.0
        D:2 |     108 |       1 |   0.9 |      24 |       1 |   4.0
        D:3 |      52 |      67 |  56.3 |       9 |      11 |  55.0
        D:4 |     191 |     298 |  60.9 |       3 |       4 |  57.1
            +---------+---------+-------+---------+---------+-------
